 Dungeon Crawl Stone Soup version 0.18-a0-998-gcb3fcb1 (webtiles) character file.

205 Duffy the Ruffian (level 5, -2/32 HPs)
             Began as a Gargoyle Monk on Jan 5, 2016.
             Slain by an ice beast (10 damage)
             ... on level 4 of the Dungeon.
             The game lasted 00:01:44 (2203 turns).

Duffy the Ruffian (Gargoyle Monk)                   Turns: 2203, Time: 00:01:44

Health: -2/32      AC:  7    Str: 14    XL:     5   Next: 83%
Magic:  5/5        EV: 12    Int: 11    God:
Gold:   37         SH:  0    Dex: 13    Spells: 0 memorised, 4 levels left

rFire  . . .     SeeInvis +       - Unarmed
rCold  . . .     Gourm    .     a - +0 robe
rNeg   + . .     Faith    .     (no shield)
rPois  ∞         Spirit   .     (no helmet)
rElec  +         Dismiss  .     m - +0 cloak
rCorr  .         Reflect  .     (no gloves)
SustAt .         Harm     .     (no boots)
MR     .....                    (no amulet)
Stlth  ++........               (no ring)
                                e - ring of see invisible

@: not resistant to hostile enchantments, unstealthy
A: negative energy resistance 1, electricity resistance, unbreathing,
petrification resistance, rot immunity, AC +4
a: no special abilities


You were on level 4 of the Dungeon.
You were not hungry.

You visited 1 branch of the dungeon, and saw 4 of its levels.

You collected 37 gold pieces.


Innate Abilities, Weirdness & Mutations

You are resistant to torment.
Your stone body is resilient (AC +4).
You are immune to poison.
You resist negative energy.
You are resistant to electric shocks.
You can survive without breathing.
You are immune to petrification.
You are immune to rotting.


   Skills:
 - Level 3.2 Fighting
 - Level 2.4 Dodging
 - Level 2.1 Stealth
 + Level 6.9 Unarmed Combat


You had 4 spell levels left.
You didn't know any spells.

Inventory:

Armour
 a - a +0 robe (worn)
 m - a +0 cloak (worn)
Jewellery
 e - a ring of see invisible (left hand)
 h - a cursed +3 ring of slaying {unknown}
Scrolls
 f - a scroll of remove curse {unknown}
 g - 3 scrolls of identify {unknown}
 k - a scroll of teleportation {unknown}
 p - a scroll of immolation {unknown}
Potions
 c - a potion of resistance {unknown}
 i - a potion of degeneration {unknown}
 j - a potion of curing {unknown}
 l - a potion of ambrosia {unknown}
 q - a potion of heal wounds {unknown}
Comestibles
 b - 2 bread rations
 d - a meat ration
 n - a royal jelly

Dungeon Overview and Level Annotations

Branches:
Dungeon (4/15)
 Temple: D:4-7

Altars:
Fedhas

Shops:
D:4 (


Message History

The ice beast barely misses you.
You barely miss the ice beast.
The ice beast is lightly wounded.
The ice beast barely misses you.
You completely miss the ice beast.
The ice beast is lightly wounded.
The ice beast hits you. The ice beast freezes you.
You are too injured to fight recklessly!
You are too injured to fight recklessly!
You are too injured to fight recklessly!
You are too injured to fight recklessly!
You are too injured to fight recklessly!
You are too injured to fight recklessly!
You are too injured to fight recklessly!
You are too injured to fight recklessly!
You are too injured to fight recklessly!
You are too injured to fight recklessly!
You are too injured to fight recklessly!
You are too injured to fight recklessly!
You are too injured to fight recklessly!
You are too injured to fight recklessly!
You are too injured to fight recklessly!
You are too injured to fight recklessly!
You barely miss the ice beast.
The ice beast is lightly wounded.
The ice beast hits you. The ice beast freezes you.
You barely miss the ice beast.
The ice beast is lightly wounded.
You closely miss the ice beast.
The ice beast is lightly wounded.
The ice beast closely misses you.
You closely miss the ice beast.
The ice beast is lightly wounded.
The ice beast hits you. The ice beast freezes you!
You die...

....# # #...#.#
##...#># ..
#####...#..### #.
###
##............#
#<
%..##...##.%.#..#
#. #.#.....##.Y.#
###.
#.........@.# ...
##.....##..# ##.
# #...$......# #.
.#
#.##.####.....#
#. #.# ##.##.#
##.#### ##
#.####\..#.# .# #
##.........# .# #
#..#.......### .#
..
#.#............
..##


You could see an ice beast.

Action                   |  1- 3 |  4- 6 || total
-------------------------+-------+-------++-------
Melee: Unarmed           |    69 |    83 ||   152
 Stab: Sleeping          |     3 |     1 ||     4
  Eat: Chunk             |       |     4 ||     4

Notes
Turn   | Place    | Note
--------------------------------------------------------------
     0 | D:1      | Duffy the Gargoyle Monk began the quest for the Orb.
     0 | D:1      | Reached XP level 1. HP: 14/14 MP: 1/1
   198 | D:1      | Reached XP level 2. HP: 8/19 MP: 2/2
   773 | D:3      | Found a blossoming altar of Fedhas.
   853 | D:3      | Reached skill level 5 in Unarmed Combat
   853 | D:3      | Reached XP level 3. HP: 8/23 MP: 3/3
   856 | D:3      | Reached XP level 4. HP: 3/28 MP: 4/4
  1374 | D:3      | Reached skill level 6 in Unarmed Combat
  1374 | D:3      | Reached XP level 5. HP: 30/32 MP: 5/5
  2065 | D:4      | Found Vitofilo's Weapon Shoppe.
  2076 | D:4      | Noticed Natasha
  2079 | D:4      | Noticed an ice beast
  2083 | D:4      | Killed Natasha
  2203 | D:4      | Slain by an ice beast

Vault maps used:
D:1:      dpeg_cavernosity, minmay_misc_feat_four_crosses
D:2:      first_bread, minmay_misc_feat_pillars, uniq_terence
D:3:      fedhas_altar_3, amethyst_overflow_temple_binary, minivault_4,
          uniq_sigmund, uniq_jessica
D:4:      serial_shops, shop, serial_bayou_pond_b, kennysheep_generic_room_13,
          uniq_natasha

Vanquished Creatures
  A gnoll shaman
  2 orc wizards Natasha
  3 adders
  5 gnolls
  An adder skeleton
  A giant gecko
  2 orcs
  2 goblins
  A hobgoblin
  A jackal
  A bat
  2 giant newts
  3 kobolds
  3 rats
29 creatures vanquished.
